 Dungeon Crawl Stone Soup version 0.14-a0-3154-g428849b (webtiles) character file.

133 Amnesiac the Vexing (level 3, -4/24 HPs)
             Began as a Vampire Enchanter on Mar 9, 2014.
             Slain by Sigmund
             ... wielding a +0,+0 scythe
              (8 damage)
             ... on Level 2 of the Dungeon.
             The game lasted 00:04:24 (1125 turns).

Amnesiac the Vexing (Vampire Enchanter)             Turns: 1125, Time: 00:04:24

HP  -4/24        AC  3     Str  7      XL: 3   Next: 78%
MP   3/6         EV 12     Int 17      God:
Gold 74          SH  0     Dex 15      Spells:  3 memorised,  0 levels left

rFire  . . .     SeeInvis +     a - +1 dagger
rCold  + + .     Clarity  .     b - +1 robe
rNeg   + + +     Conserve .     (no shield)
rPois  +         rCorr    .     (no helmet)
rElec  .         rRot     +     (no cloak)
SustAb . .       Spirit   .     (no gloves)
rMut   .         Warding  .     (no boots)
Saprov . . .     Stasis   .     (no amulet)
MR     .....                    (no ring)
                                k - cursed ring of hunger

@: non-regenerating, very slightly contaminated, not resistant to hostile
enchantments, quite stealthy
A: fangs 3, see invisible, unbreathing
a: Bat Form


You were on level 2 of the Dungeon.
You were bloodless.

You visited 1 branch of the dungeon, and saw 2 of its levels.

You collected 74 gold pieces.

Inventory:

Hand weapons
 a - a +1,+1 dagger (weapon)
Missiles
 d - 12 darts (quivered)
Armour
 b - a +1 robe (worn)
Scrolls
 h - 3 scrolls of identify {unknown}
 i - 2 scrolls of teleportation {unknown}
 n - a scroll of enchant armour {unknown}
Jewellery
 k - a cursed ring of hunger (left hand)
 m - an uncursed ring of protection from cold {unknown}
Potions
 e - a potion of blood
 f - a potion of flight {unknown}
 g - 2 potions of curing
Books
 c - a book of Maledictions

   Spells                             Type                      Level
   *Corona                            Hexes                        1
   Sure Blade                         Hexes/Charms                 2
   *Ensorcelled Hibernation           Hexes/Ice                    2
   *Confuse                           Hexes                        3
   Enslavement                        Hexes                        4
   Invisibility                       Hexes                        6


   Skills:
 + Level 3.4 Short Blades
 - Level 0.7 Throwing
 - Level 2.1 Dodging
 * Level 4.4 Stealth
 - Level 2.0 Spellcasting
 - Level 4.4 Hexes


You couldn't memorise any spells.
You knew the following spells:

 Your Spells              Type           Power        Failure   Level  Hunger
a - Corona                Hex            ###....      3%          1    #......
f - Ensorcelled Hibernat  Hex/Ice        #.....       14%         2    ###....
x - Confuse               Hex            ###.....     12%         3    ####...


Dungeon Overview and Level Annotations

Branches:
Dungeon (2/16)

Altars:

Annotations:
D:2 Sigmund


Innate Abilities, Weirdness & Mutations

You do not heal naturally.
You have razor-sharp teeth.*
You have supernaturally acute eyesight.
You can survive without breathing.*


Message History

Sigmund barely misses you.
Drink which item? (? for menu, Esc to quit)
Okay, then.
Drink which item? (? for menu, Esc to quit)
You don't have any such object.
Drink which item? (? for menu, Esc to quit)
Okay, then.
Read which item? (? for menu, Esc to quit)
Okay, then.
Drink which item? (? for menu, Esc to quit)
Magic courses through your body.
It was a potion of magic.
Casting: Ensorcelled Hibernation
Confirm with . or Enter, or press ? or * to list all spells.
Aiming: Confuse
Press: ? - help, Shift-Dir - straight line, f/p - Sigmund
Aim: Sigmund, wielding a scythe and wearing a robe (lightly wounded)
You miscast Confuse.
You are very lightly contaminated with residual magic.
Your hands glow momentarily.
Sigmund hits you with a scythe!
You die...

....#### #.# #.#....#
#.## #.#.# #.# #.#....#
#.## ..#.. #.#
####.#....# #... )....
#.# #.........# ####
#.. ##.###.####.#### #
#.######.......###.####
#
#.........##.......?...
#
########.##....$.#.##.#
# #.##@@..#....#.#
#.##.........#.#
#.##....#.##.#.#
#.......#......#
#.......####.###
#..#.#..# #.# #..#....#
... #..##...# .....
#..##...##.....#


You could see Sigmund.

Vanquished Creatures
  3 adders (D:2)
  A worm (D:2)
  A giant gecko (D:1)
  5 goblins
  2 hobgoblins
  4 kobolds
  5 bats
  A giant cockroach (D:2)
  A giant newt (D:1)
  4 rats
27 creatures vanquished.

Notes
Turn   | Place    | Note
--------------------------------------------------------------
     0 | D:1      | Amnesiac, the Vampire Enchanter, began the quest for the Orb.
     0 | D:1      | Reached XP level 1. HP: 13/13 MP: 3/3
   413 | D:1      | Reached XP level 2. HP: 7/19 MP: 2/4
   417 | D:1      | Learned a level 2 spell: Ensorcelled Hibernation
   498 | D:2      | Reached XP level 3. HP: 11/24 MP: 0/6
   609 | D:2      | Learned a level 3 spell: Confuse
   998 | D:2      | Noticed Sigmund
  1125 | D:2      | Slain by Sigmund

Action                   || total
-------------------------++-------
Melee: Dagger            ||    67
 Cast: Corona            ||     1
       Ensorcelled Hiber ||    18
       Confuse           ||     2
  Use: Potion            ||     3
 Stab: Sleeping          ||    18
